Map: [ESL] Goldenaura

Players

Kelazhur - Winner!

  • Race: Terran Terran
  • Spawn Location: 5:00

Astrea

  • Race: Protoss Protoss
  • Spawn Location: 12:00

Event: ESL SC2 Masters 2023 Winter (Regional)

VOD

Have the link to the VOD?

Description

Time

  • Played on: Nov. 19, 2023, 2:44 p.m.
  • Length: 7:04

All games in this series

Show
View Real Time Build Order
Export as new Build Order

Kelazhur Terran - Winner!

Build Orders: Cyclone Opening 

Get SALT Encoding   

  12  0:00  SCV  
  13  0:12  SCV  
  14  0:17  Supply Depot  
  14  0:24  SCV  
  15  0:39  Barracks, SCV  
  16  0:47  Refinery  
  16  0:51  SCV  
  16  0:56  Refinery  
  17  1:03  SCV  
  18  1:15  SCV  
  19  1:26  Reaper  
  19  1:27  Orbital Command  
  20  1:34  Supply Depot  
  20  1:45  Factory  
  20  1:52  Bunker  
  20  1:56  SCV  
  20  1:59  Barracks Tech Lab  
  21  2:08  SCV  
  22  2:20  Marauder, SCV  
  25  2:24  Concussive Shells  
  27  2:30  Hellion  
  27  2:32  SCV  
  27  2:35  Supply Depot  
  28  2:42  Marauder  
  30  2:45  SCV  
  31  2:57  Cyclone, SCV  
  34  3:08  Starport  
  34  3:09  SCV  
  35  3:15  Marauder  
  35  3:33  Command Center  
  34  3:38  Cyclone  
  35  3:54  SCV  
  34  3:56  Starport Tech Lab  
  34  4:07  SCV  
  33  4:15  Cyclone  
  33  4:16  Marauder  
  37  4:19  SCV  
  37  4:23  Cloaking Field  
  38  4:28  Banshee  
  38  4:31  SCV  
  42  4:42  Barracks  
  42  4:43  SCV  
  43  4:52  Factory Tech Lab, Orbital Command  
  41  4:55  SCV  
  38  5:07  SCV  
  38  5:11  Banshee  
  38  5:12  Siege Tank  
  45  5:19  SCV  
  44  5:22  SCV  
  45  5:31  SCV  
  45  5:34  SCV  
  47  5:38  Marine  
  44  5:43  SCV  
  44  5:45  Siege Tank  
  44  5:46  SCV  
  48  5:54  Banshee  
  48  5:55  SCV  
  52  5:58  SCV  
  52  6:05  Marine, Barracks Tech Lab  
  52  6:07  Barracks  
  52  6:08  SCV  
  52  6:11  SCV  
  55  6:20  SCV  
  55  6:24  Orbital Command  
  57  6:28  Marine x2  
  57  6:31  Siege Tank  
  57  6:32  SCV  
  62  7:01  Barracks Tech Lab, Supply Depot  
Show
View Real Time Build Order
Export as new Build Order

Astrea Protoss 

Build Orders: 1 Gate Expand 

Get SALT Encoding   

  12  0:00  Probe  
  13  0:12  Probe  
  14  0:18  Pylon  
  14  0:24  Probe  
  15  0:36  Probe  
  15  0:37  Gateway  
  16  0:49  Probe  
  18  1:07  Nexus  
  17  1:11  Assimilator  
  17  1:15  Probe  
  18  1:25  Cybernetics Core  
  18  1:28  Probe  
  19  1:40  Probe  
  19  1:41  Pylon  
  20  1:52  Probe  
  21  1:54  Warp Gate (Chrono Boost)  
  21  1:58  Adept (Chrono Boost)  
  21  2:04  Probe  
  21  2:06  Gateway  
  23  2:16  Probe  
  23  2:20  Probe  
  26  2:28  Stalker, Probe  
  27  2:33  Probe  
  27  2:41  Probe  
  28  2:45  Probe  
  28  2:50  Gateway  
  29  2:53  Probe  
  29  2:58  Stalker  
  32  3:01  Probe  
  33  3:07  Probe  
  33  3:13  Probe  
  33  3:19  Probe  
  34  3:25  Probe  
  35  3:31  Pylon, Probe  
  35  3:33  Stalker  
  38  3:37  Stalker  
  38  3:38  Probe  
  41  3:45  Probe  
  40  3:51  Stalker  
  40  3:53  Zealot  
  40  3:54  Probe  
  43  3:57  Probe  
  43  4:02  Stalker  
  43  4:11  Probe  
  43  4:13  Probe  
  43  4:16  Stalker  
  44  4:23  Zealot  
  44  4:24  Probe  
  47  4:33  Stalker  
  47  4:35  Probe  
  47  4:38  Pylon, Assimilator  
  50  4:40  Zealot  
  50  4:43  Probe  
  53  4:48  Probe  
  50  4:53  Stalker  
  50  4:55  Probe  
  51  5:00  Assimilator, Probe  
  50  5:08  Probe  
  50  5:09  Stalker  
  50  5:10  Zealot  
  50  5:12  Probe  
  54  5:20  Probe  
  55  5:22  Stalker  
  55  5:24  Probe  
  55  5:27  Assimilator  
  58  5:32  Stalker, Probe  
  59  5:43  Stalker  
  59  5:44  Probe (Chrono Boost)  
  62  5:51  Stalker  
  62  5:53  Shield Battery  
  62  5:55  Shield Battery  
  62  5:56  Robotics Facility, Probe x2 (Chrono Boost)  
  56  5:59  Shield Battery  
  56  6:01  Stalker  
  55  6:05  Probe x2 (Chrono Boost)  
  55  6:10  Probe (Chrono Boost)  
  55  6:11  Probe (Chrono Boost)  
  53  6:22  Probe (Chrono Boost)  
  53  6:23  Probe (Chrono Boost)  
  51  6:26  Sentry, Stalker  
  51  6:27  Stalker  
  51  6:28  Probe (Chrono Boost)  
  51  6:29  Probe (Chrono Boost)  
  57  6:36  Probe  
  57  6:37  Probe  
  55  6:44  Observer (Chrono Boost)  
  53  6:48  Probe  
  53  6:49  Probe  
  53  6:52  Stalker  
Tags
 
Add a new tag
Caveats
  • Supply blocks, unpowered buildings, or Contaminate may cause inaccurate times.
  • Supply counts are checked every 10 seconds.